[Event "Late-Titled-Tuesday-Blitz-June-25-2024"]
[Site "Chess.com"]
[Date "2024.06.25"]
[Round "9"]
[White "Onthequiet"]
[Black "enriquebutti"]
[Result "1-0"]
[WhiteElo "2306"]
[BlackElo "2184"]
[TimeControl "180+1"]
[EndTime "15:44:56 PDT"]
[Termination "Onthequiet won by resignation"]

1. d4 Nf6 2. Nf3 g6 3. Bg5 Bg7 4. Nbd2 d5 5. c3 O-O 6. e3 Nbd7 7. b4 c6 8. Be2 Re8 9. O-O e5 10. Nb3 e4 11. Nfd2 Nf8 12. a4 Bf5 13. c4 Qd7 14.
Nc5 Qe7 15. cxd5 cxd5 16. a5 b6 17. Na6 Rec8 18. Qb3 Be6 19. Rfc1 Qd7 20. b5 Ne8 21. Qb4 h6 22. Bf4 Nh7 23. Qa3 Bf8 24. Qa2 Bd6 25.
Bg3 Bxg3 26. hxg3 Nd6 27. Rcb1 Nf6 28. Qa4 Nc4 29. Nxc4 dxc4 30. Nb4 Bd5 31. Rc1 c3 32. Rc2 Bc4 33. Nc6 Bxe2 34. Rxe2 a6 35. axb6 axb5 36.
Qxa8 Rxa8 37. Rxa8+ Kg7 38. Ne5 Qb7 39. Ra7 Qxb6 40. Rxf7+ Kg8 41. Ra2 Qb8 42. Raa7 1-0

[Event "Late-Titled-Tuesday-Blitz-June-25-2024"]
[Site "Chess.com"]
[Date "2024.06.25"]
[Round "9"]
[White "KorolDimitriy75"]
[Black "nindjaxx8"]
[Result "0-1"]
[WhiteElo "2415"]
[BlackElo "2708"]
[TimeControl "180+1"]
[EndTime "15:44:57 PDT"]
[Termination "nindjaxx8 won by checkmate"]

1. d4 d5 2. c4 e6 3. Nc3 Nf6 4. Bg5 Be7 5. cxd5 exd5 6. e3 O-O 7. Bd3 h6 8. Bh4 b6 9. Qc2 Bb7 10. Nge2 Nbd7 11. O-O c5 12. f3 cxd4 13. Nxd4 Bc5 14. Rad1 Re8 15. Rfe1 Qc8 16. Bf5 Qb8 17. Bg3 Bd6 18.
Bxd6 Qxd6 19. Ncb5 Qe7 20. Qc7 Nc5 21. b4 Na4 22. a3 Nb2 23. Rc1 Nc4 24. Qxe7 Rxe7 25. Kf2 Rae8 26. Rc3 a6 27. Rxc4 dxc4 28. Nc3 b5 29. e4 g6 30. Bh3 Rd8 31. Rd1 Ne8 32. Ke3 Nc7 33. Rd2 Kf8 34. g3 Ke8 35. Bg4 Nd5+ 36. Nxd5 Rxd5 37. Rc2 f5 38. Bh3 fxe4 39. fxe4 Rde5 40. Bg2 Bxe4 41. Nc6 Bxc6+ 42. Kf4 Bxg2 43.
Rxg2 Rf5+ 44. Kg4 Re4+ 45. Kh3 Rh5# 0-1

[Event "Late-Titled-Tuesday-Blitz-June-25-2024"]
[Site "Chess.com"]
[Date "2024.06.25"]
[Round "9"]
[White "hoshiboshi"]
[Black "Gyulamiryan-koryun"]
[Result "1-0"]
[WhiteElo "2257"]
[BlackElo "1825"]
[TimeControl "180+1"]
[EndTime "15:44:57 PDT"]
[Termination "hoshiboshi won on time"]

1. e4 e5 2. Nf3 Nc6 3. Bb5 a6 4. Ba4 Nf6 5. O-O Be7 6. Re1 b5 7.
Bb3 O-O 8. a4 b4 9. d3 a5 10. Nbd2 d6 11. h3 Be6 12. Nc4 Qd7 13. Ng5 Nd4 14. Ba2 h6 15. Nxe6 fxe6 16. c3 b3 17. cxd4 bxa2 18. dxe5 dxe5 19. Nxe5 Qd4 20. Nf3 Qb6 21. Rxa2 Bb4 22. Rf1 Rad8 23. Be3 Bc5 24. d4 Bb4 25. e5 Nd5 26. Qd3 Nf4 27. Qe4 Ne2+ 28. Kh1 Qa6 29. Raa1 Be7 30. Bxh6 Rf5 31. Be3 Rdf8 32. Kh2 Nf4 33. Bxf4 Rxf4 34. Qg6 Qe2 35. Qg3 g5 36. Nxg5 Bxg5 37. Qxg5+ Kh7 38. Rae1 Qxb2 39. Re3 1-0

[Event "Late-Titled-Tuesday-Blitz-June-25-2024"]
[Site "Chess.com"]
[Date "2024.06.25"]
[Round "9"]
[White "tptagain"]
[Black "Msb2"]
[Result "1-0"]
[WhiteElo "3046"]
[BlackElo "3076"]
[TimeControl "180+1"]
[EndTime "15:44:58 PDT"]
[Termination "tptagain won on time"]

1. d4 d5 2. Nf3 e6 3. e3 Nf6 4. Bd3 Bd6 5. Nbd2 Nbd7 6. O-O O-O 7. Re1 c5 8. c3 h6 9. e4 dxe4 10. Nxe4 Be7 11. Nxf6+ Nxf6 12. dxc5 Bxc5 13. Ne5 Qd5 14. b4 Bb6 15. Qe2 Rd8 16. c4 Qd4 17. Bb2 Qh4 18. g3 Qh3 19. Qf3 Bd7 20. c5 Bc7 21. Bf1 Qf5 22.
Qxf5 exf5 23. Nxd7 Rxd7 24. Bg2 Ne4 25. Bxe4 fxe4 26.
Rxe4 a5 27. b5 Rd2 28. Bd4 f5 29. Re7 Rxd4 30. Rxc7 Rc4 31. Rd1 Kh7 32. Rdd7 Rg8 33. Rd5 f4 34. Rxb7 f3 35. h4 Rc1+ 36. Kh2 Rc2 37. g4 Rxf2+ 38. Kg3 Rxa2 39. c6 Rf8 40. Rf5 Rd8 41. Rxf3 a4 42. c7 Rc8 43. b6 a3 44. Rb8 1-0

[Event "Late-Titled-Tuesday-Blitz-June-25-2024"]
[Site "Chess.com"]
[Date "2024.06.25"]
[Round "9"]
[White "KatakuriDono"]
[Black "Perecke"]
[Result "1-0"]
[WhiteElo "2337"]
[BlackElo "2474"]
[TimeControl "180+1"]
[EndTime "15:45:01 PDT"]
[Termination "KatakuriDono won by checkmate"]

1. d4 d5 2. Nf3 Nf6 3. g3 Bf5 4. Bg2 e6 5. O-O Be7 6. c4 O-O 7. Nc3 c6 8. cxd5 exd5 9. Qb3 Qb6 10. Qxb6 axb6 11. Bf4 Nbd7 12. Ne5 Rfd8 13. a4 Be6 14. Nd3 c5 15. Nb5 Rac8 16. Na7 Ra8 17. Nb5 Ne4 18. Ne5 f6 19. Nxd7 Bxd7 20. Bc7 Rdc8 21. Bxb6 Ra6 22.
Bxc5 Nxc5 23. dxc5 Rxc5 24. b4 Rc2 25. Bxd5+ Kf8 26.
Nd4 Rd2 27. Rfd1 Bxb4 28. Rxd2 Bxd2 29. Nb3 Bc3 30. Rc1 Bb4 31. Rc7 Ke8 32. Rxb7 Bd6 33.
a5 Ba4 34. Rb6 Rxb6 35. axb6 Kd7 36. Nd4 Bc5 37. Ne6 Bxb6 38. Nxg7 Bc2 39. Nh5 Bc7 40.
Nxf6+ Ke7 41. Ng4 Bf5 42. f3 Bc8 43. Nf2 Kf6 44. e4 Ba6 45. Kg2 Kg5 46. f4+ Kf6 47.
Ng4+ Kg7 48. e5 Bc8 49. e6 Kf8 50. f5 Ke7 51. f6+ Kf8 52. e7+ Ke8 53. Bc6+ Kf7 54.
e8=Q# 1-0

[Event "Late-Titled-Tuesday-Blitz-June-25-2024"]
[Site "Chess.com"]
[Date "2024.06.25"]
[Round "9"]
[White "Javokhir_Sindarov05"]
[Black "Dedic8"]
[Result "0-1"]
[WhiteElo "3060"]
[BlackElo "2968"]
[TimeControl "180+1"]
[EndTime "15:45:04 PDT"]
[Termination "Dedic8 won by resignation"]

1. e4 c5 2. Nf3 d6 3. d4 cxd4 4.
Nxd4 Nf6 5. Bd3 Nc6 6. Be3 Ng4 7. Nxc6 bxc6 8. Bd2 e5 9. c4 Be7 10. O-O Bg5 11.
Be2 Bxd2 12. Qxd2 Nf6 13. Nc3 Be6 14. Rfd1 Ke7 15. c5 dxc5 16. Qg5 Qc7 17. Qxg7 Rhd8 18. Qg5 Rd4 19. Bf3 Rad8 20. Re1 c4 21. Be2 Rg8 22.
Qh4 Qb6 23. Rab1 Rd2 24. Qh6 Rxb2 25. Rxb2 Qxb2 26. Qe3 Qb6 27. Qc1 Qc5 28. Na4 Qb4 29. Nc3 Rd8 30. Qe3 Qb6 31. Qg5 Qd4 32. Qc1 Qd2 33.
Qa3+ Ke8 34. Rd1 Qc2 35. Rc1 Qd2 36. Rd1 Qh6 37. Rxd8+ Kxd8 38. h3 Qd2 39. Qa5+ Kc8 40. Qxe5 Nd7 41. Qh8+ Kc7 42. Bf1 Qd6 43. Qf6 Nxf6 0-1

[Event "Late-Titled-Tuesday-Blitz-June-25-2024"]
[Site "Chess.com"]
[Date "2024.06.25"]
[Round "9"]
[White "Pachonpower"]
[Black "FloMasterAAK"]
[Result "0-1"]
[WhiteElo "2471"]
[BlackElo "2617"]
[TimeControl "180+1"]
[EndTime "15:45:06 PDT"]
[Termination "FloMasterAAK won by resignation"]

1. d4 d5 2. Nf3 Nf6 3. e3 Bg4 4. h3 Bh5 5. g4 Bg6 6. Ne5 Nbd7 7. h4 h5 8. Nxg6 fxg6 9. Bd3 Ne4 10. f3 Ndf6 11.
fxe4 dxe4 12. g5 Qd6 13. gxf6 Qg3+ 14. Kd2 exd3 15. Kxd3 gxf6 16. Qg1 Qg4 17. Nd2 O-O-O 18. Qxg4+ hxg4 19. Nb3 e5 20. Bd2 Rh5 21. c3 Be7 22.
Rag1 f5 23. Be1 e4+ 24. Ke2 Rdh8 25. Nc5 Bxc5 26. dxc5 g5 27. Bg3 gxh4 28. Be5 R8h7 29. Rd1 g3 30. Bf6 c6 31. Rd8+ Kc7 32. Rhd1 b6 33.
Be5+ Kb7 34. Rb8+ Ka6 35. b4 g2 36. a4 Rg5 37. Bh2 Rhg7 38. Bg1 h3 39. Rh8 Rg3 40.
cxb6 axb6 41. c4 Rf3 42. b5+ Kb7 43. c5 bxc5 44. bxc6+ Kxc6 45. Rh6+ Kb7 46. Rb1+ Ka7 47. Rc1 c4 48. Rb1 c3 49. Rc1 c2 50. a5 Rf1 51.
Rxc2 Rxg1 52. Rxh3 Re1+ 53. Kxe1 g1=Q+ 54. Kd2 Rg2+ 55. Kc3 Qa1+ 56. Kb3 Qb1+ 0-1

[Event "Late-Titled-Tuesday-Blitz-June-25-2024"]
[Site "Chess.com"]
[Date "2024.06.25"]
[Round "9"]
[White "RodriQA"]
[Black "JEHUBNER"]
[Result "1-0"]
[WhiteElo "2403"]
[BlackElo "2001"]
[TimeControl "180+1"]
[EndTime "15:45:06 PDT"]
[Termination "RodriQA won by checkmate"]

1. Nf3 Nf6 2. g3 g6 3. b3 Bg7 4. Bb2 d5 5. Bg2 c6 6. O-O Nbd7 7. c4 e6 8. d3 O-O 9. Nbd2 b6 10. Qc2 Bb7 11.
e4 dxe4 12. dxe4 c5 13. Rad1 Qc7 14. Rfe1 e5 15. Nf1 Rad8 16. N3d2 Rfe8 17. Ne3 Nb8 18. Nd5 Bxd5 19. exd5 Nbd7 20. Re2 Qd6 21. Rde1 Re7 22. a4 Rde8 23. h3 a5 24. Nb1 Nh5 25. Nc3 Nf8 26. Nb5 Qb8 27. d6 Re6 28. Bc6 Rd8 29. Bd5 Rexd6 30.
Nxd6 Qxd6 31. Bxe5 Bxe5 32. Rxe5 Nd7 33. Re7 Ndf6 34.
Rxf7 Kh8 35. Ree7 Nxg3 36. fxg3 Qxg3+ 37. Qg2 Qc3 38. Kh2 Qd4 39. Re6 Nh5 40. Rxh7+ Kxh7 41. Qxg6+ Kh8 42. Qxh5+ Kg8 43. Re4+ Kf8 44. Rxd4 cxd4 45. Qf7# 1-0

[Event "Late-Titled-Tuesday-Blitz-June-25-2024"]
[Site "Chess.com"]
[Date "2024.06.25"]
[Round "9"]
[White "Yurovskykh_Oleksandr"]
[Black "MarkusRagger"]
[Result "0-1"]
[WhiteElo "2620"]
[BlackElo "2790"]
[TimeControl "180+1"]
[EndTime "15:45:07 PDT"]
[Termination "MarkusRagger won by checkmate"]

1. d4 Nf6 2. Nf3 g6 3. Bg5 Bg7 4. Nbd2 d5 5. e3 O-O 6. Be2 c5 7. c3 h6 8. Bh4 Qb6 9. Qb3 c4 10. Qxb6 axb6 11. a3 b5 12. O-O Nc6 13. Rfe1 Bf5 14.
Rac1 Rfe8 15. Bd1 g5 16. Bg3 Bf8 17. Bc2 Bxc2 18. Rxc2 e6 19. e4 Nd7 20. h3 Nb6 21.
Ne5 Nxe5 22. Bxe5 Na4 23. f3 Be7 24. Nf1 f6 25. Bg3 Kf7 26. Kf2 Bf8 27. Ne3 Red8 28. Ke2 Rd7 29. Kd1 dxe4 30. fxe4 e5 31. d5 Nc5 32.
Nf5 h5 33. Rd2 Kg6 34. Rf2 Nd3 35. Rfe2 Nxe1 36. Bxe1 Rxd5+ 37. exd5 Kxf5 38. Rf2+ Kg6 39. g4 hxg4 40. hxg4 Bc5 41. Rd2 Rd8 42. Ke2 Rh8 43.
Bf2 Rh2 44. Kf3 Rxf2+ 45. Rxf2 Bxf2 46. Kxf2 Kf7 47. Kf3 Ke7 48. Ke3 Kd6 49. Ke4 b6 50. Kf5 Kxd5 51. Kxf6 e4 52. Kxg5 e3 53. Kf4 e2 54. g5 e1=Q 55. g6 Qe5+ 56. Kg4 Qf6 57. Kh5 Ke5 58. Kh6 Kf5 59. Kh5 Qg5# 0-1

[Event "Late-Titled-Tuesday-Blitz-June-25-2024"]
[Site "Chess.com"]
[Date "2024.06.25"]
[Round "9"]
[White "DucksParadise"]
[Black "patzer-reloaded"]
[Result "1-0"]
[WhiteElo "2587"]
[BlackElo "2420"]
[TimeControl "180+1"]
[EndTime "15:45:07 PDT"]
[Termination "DucksParadise won by resignation"]

1. b3 e5 2. Bb2 Nc6 3. e3 Nf6 4. Nf3 e4 5. Nd4 Nxd4 6. Bxd4 d5 7. c4 c5 8. Bxf6 Qxf6 9. Nc3 d4 10. Nxe4 Qg6 11. Bd3 Qxg2 12. Ng3 Qc6 13. exd4 cxd4 14.
Qe2+ Be6 15. Be4 Qc7 16. Bd5 O-O-O 17. Bxe6+ fxe6 18. Qxe6+ Kb8 19. O-O Bd6 20. Rae1 h5 21. d3 h4 22. Ne4 Bxh2+ 23. Kh1 Rh6 24. Qg4 Bf4 25. Rg1 g5 26. Qh3 Qc6 27. Rg4 Re6 28. Reg1 Rde8 29. f3 Re5 30. Kg2 Bg3 31. Rxg3 hxg3 32.
Qxg3 a6 33. Rh1 Ka7 34. Rh7 R8e7 35. Rxe7 Rxe7 36. Qxg5 Qc7 37. Kf2 Rg7 38. Qc5+ Qxc5 39. Nxc5 Rh7 40. f4 Rh2+ 41. Kf3 Rxa2 42. Ke4 b6 43. Ne6 Rb2 44. Nxd4 a5 45. f5 Kb7 46. f6 Rh2 47. f7 Rh8 48. Ne6 Kc6 49. f8=Q Rxf8 50.
Nxf8 Kc5 51. Nd7+ Kb4 52. Nxb6 Kxb3 53. Kd5 Kb4 54. c5 Kb5 55. d4 Ka6 56. Kc6 Ka7 57. Kc7 Ka6 58. d5 Kb5 59. c6 a4 60. Nxa4 Kxa4 61. d6 1-0

[Event "Late-Titled-Tuesday-Blitz-June-25-2024"]
[Site "Chess.com"]
[Date "2024.06.25"]
[Round "9"]
[White "Kielinkei"]
[Black "FredddieCroderg"]
[Result "1-0"]
[WhiteElo "2503"]
[BlackElo "2343"]
[TimeControl "180+1"]
[EndTime "15:45:07 PDT"]
[Termination "Kielinkei won on time"]

1. d4 d5 2. c4 e6 3. Nc3 Nf6 4. cxd5 exd5 5. Bg5 Be7 6. e3 O-O 7. Qc2 Re8 8. Bd3 h6 9. Bh4 c5 10. Nge2 Nc6 11. O-O c4 12. Qb1 cxd3 13. Qxd3 Bg4 14. h3 Bh5 15. Nf4 g5 16. Qf5 gxf4 17. Bxf6 Bg6 18.
Bxe7 Bxf5 19. Bxd8 Raxd8 20. Rfe1 fxe3 21. fxe3 Kg7 22. a3 Bg6 23. Kf2 Be4 24. Ne2 Rc8 25. Rac1 Na5 26. Nf4 Nb3 27. Rc3 Rxc3 28. bxc3 Rc8 29.
Nh5+ Kg6 30. Nf4+ Kf6 31. Nh5+ Ke6 32. Nf4+ Kd6 33. Ne2 Rc6 34. Kg3 Ra6 35. Rf1 f5 36. c4 Rxa3 37. Nc3 Nd2 38. Nb5+ Kc6 39. Rf2 Rxe3+ 40.
Kf4 Nxc4 41. Nxa7+ Kb6 42. Nc8+ Kc7 43. Ne7 b5 44. Ra2 b4 45. Ra7+ Kd8 46. Nc6+ Ke8 47. Ra8+ Kf7 48. Ne5+ Kg7 49. Ra7+ Kf6 50. Nxc4 dxc4 51.
Ra6+ Ke7 52. Kxe3 b3 53. Rb6 Bd3 54. d5 Kd7 55. Kd4 Kc7 56. Kc5 Be4 57. Rb4 Bd3 58.
d6+ Kd7 59. Rb7+ Kd8 60. Kd4 h5 61. Ke5 h4 62. Ke6 Kc8 63. Rc7+ Kb8 64. Rc5 1-0

[Event "Late-Titled-Tuesday-Blitz-June-25-2024"]
[Site "Chess.com"]
[Date "2024.06.25"]
[Round "9"]
[White "grzechu96"]
[Black "bazar-wokzal"]
[Result "1/2-1/2"]
[WhiteElo "2764"]
[BlackElo "2616"]
[TimeControl "180+1"]
[EndTime "15:45:08 PDT"]
[Termination "Game drawn by repetition"]

1. e4 Nc6 2. Nf3 d5 3. exd5 Qxd5 4. Nc3 Qa5 5. d4 Bg4 6. Bb5 O-O-O 7. Bxc6 bxc6 8. h3 Qh5 9. Be3 e6 10. Qe2 Bxf3 11.
gxf3 Bb4 12. O-O-O Bxc3 13. bxc3 Ne7 14. c4 Qa5 15. Qd3 Qxa2 16. Kd2 Qa5+ 17. Ke2 Qh5 18. Ra1 Kd7 19. Rxa7 Ra8 20. Rha1 Rxa7 21. Rxa7 Qxh3 22. d5 exd5 23. cxd5 cxd5 24. Qb5+ Ke6 25. Rxc7 Rd8 26. Bc5 Nf5 27. Qa6+ Ke5 28. Rxf7 Qh4 29. Qb6 Qc4+ 30. Kd2 Rc8 31. Qb2+ d4 32. Ba7 Qc3+ 33. Qxc3 dxc3+ 34. Kd3 h5 35. Bb6 h4 36. Ra7 h3 37. Bc7+ Ke6 38. Bh2 Nh4 39. Ke4 Rc4+ 40. Ke3 Nf5+ 41. Kd3 Rc8 42. Ra6+ Kf7 43. Ra5 Kg6 44. Ra4 Rd8+ 45. Kxc3 Rc8+ 46. Kd3 Rd8+ 47. Kc3 Rc8+ 48. Kd3 Rd8+ 49.
Kc3 1/2-1/2

[Event "Late-Titled-Tuesday-Blitz-June-25-2024"]
[Site "Chess.com"]
[Date "2024.06.25"]
[Round "9"]
[White "GoltsevDmitry2000"]
[Black "CM_rui"]
[Result "1-0"]
[WhiteElo "2702"]
[BlackElo "2575"]
[TimeControl "180+1"]
[EndTime "15:45:08 PDT"]
[Termination "GoltsevDmitry2000 won on time"]

1. e4 e5 2. Nf3 Nc6 3. Bb5 a6 4. Ba4 Nf6 5. O-O Be7 6. Re1 b5 7. Bb3 O-O 8. c3 d5 9. d4 Nxe4 10. dxe5 Be6 11. Be3 Re8 12. Nbd2 Nxd2 13. Qxd2 Na5 14.
Bc2 c5 15. b3 Rc8 16. Qd3 g6 17. Qd2 Nc6 18. Bh6 d4 19. Rad1 Qc7 20. Ng5 dxc3 21. Qxc3 Nd4 22. Bb1 Bf5 23. e6 Bxg5 24. Bxg5 Bxb1 25.
Rxb1 Rxe6 26. Rxe6 Nxe6 27. Bh6 Nd4 28. Re1 Nf5 29.
Bc1 b4 30. Qd3 Qd6 31. Qe2 Nd4 32. Qc4 Rd8 33. Bb2 a5 34. h3 h5 35. Rc1 Qf4 36.
Rf1 Qg5 37. Kh1 Qd2 38. Ba1 Qxa2 39. Qxc5 Nxb3 40. Qe7 Qd2 41. Be5 Qd3 42. Qf6 Qxf1+ 43. Kh2 1-0

[Event "Late-Titled-Tuesday-Blitz-June-25-2024"]
[Site "Chess.com"]
[Date "2024.06.25"]
[Round "9"]
[White "alexrustemov"]
[Black "smallbaba"]
[Result "1-0"]
[WhiteElo "2829"]
[BlackElo "2628"]
[TimeControl "180+1"]
[EndTime "15:45:09 PDT"]
[Termination "alexrustemov won by resignation"]

1. d4 Nf6 2. c4 g6 3. Nf3 Bg7 4. g3 O-O 5. Bg2 d6 6. Nc3 c5 7. dxc5 dxc5 8. O-O Nc6 9. Bf4 Nh5 10. Be3 Nd4 11. Qc1 Bd7 12. Bh6 Bc6 13. Bxg7 Nxg7 14.
Rd1 Bxf3 15. Bxf3 Nxf3+ 16. exf3 Qc8 17. Nd5 Re8 18. Qh6 Nf5 19. Qf4 Qc6 20. Qe5 f6 21.
Qc7 Nd4 22. Qxc6 bxc6 23. Nc7 Nxf3+ 24. Kg2 Nd4 25. Rac1 Rab8 26. Nxe8 Rxe8 27. Rc3 Rb8 28. Rd2 Kf7 29. Ra3 Rb7 30. Ra5 Ne6 31. b3 g5 32. Kf3 Nd4+ 33. Ke3 Ne6 34. f4 gxf4+ 35. gxf4 f5 36. Ra6 Rc7 37. a3 Rb7 38. Rb2 Nd4 39. b4 Ke8 40. Ra5 Ne6 41. b5 Nd4 42. a4 cxb5 43. axb5 Kf7 44. Rba2 Rd7 45. Rxa7 Rd6 46. R2a6 Nc2+ 47. Ke2 Rd4 48. Rc6 Rxc4 49. Kd3 Rd4+ 50. Kxc2 Rxf4 51. b6 Rf2+ 52. Kc3 f4 53. b7 Rf1 54.
b8=Q 1-0

[Event "Late-Titled-Tuesday-Blitz-June-25-2024"]
[Site "Chess.com"]
[Date "2024.06.25"]
[Round "9"]
[White "Nf3c5"]
[Black "ninjatrick"]
[Result "1-0"]
[WhiteElo "2647"]
[BlackElo "2518"]
[TimeControl "180+1"]
[EndTime "15:45:09 PDT"]
[Termination "Nf3c5 won on time"]

1. Nf3 d5 2. g3 g6 3. c4 c6 4. Bg2 dxc4 5. Na3 Bg7 6. Nxc4 Nf6 7. O-O O-O 8. b3 Ne4 9. d4 Bg4 10. Bb2 Nd7 11. Ne1 Nd6 12. Qc2 Re8 13. h3 Be6 14. Nf3 Bf5 15. Qc1 Nb6 16. Ncd2 Ne4 17. Nc4 Nd6 18. Nce5 f6 19. Nc4 Qc7 20. Nfd2 e5 21. e4 Be6 22. dxe5 Ndxc4 23. Nxc4 Nxc4 24. bxc4 fxe5 25. c5 Qe7 26. a4 a5 27. h4 h5 28. Rd1 Rad8 29.
Qc3 Rd4 30. Qxa5 Rdd8 31. Ba3 Bc4 32. Rd6 Rxd6 33. cxd6 Qd7 34. Rb1 Bf8 35. Qb4 Ba6 36. Rd1 Rd8 37. Qc5 Qe6 38. Kh2 Rd7 39. Bh3 Qf7 40. Bxd7 Qxd7 41. Qxe5 Qg4 42. Rd2 Qd7 43. Bc5 Bc4 44. Qf6 Bf7 45. e5 1-0

[Event "Late-Titled-Tuesday-Blitz-June-25-2024"]
[Site "Chess.com"]
[Date "2024.06.25"]
[Round "9"]
[White "Fore_Man"]
[Black "Connectedcloud"]
[Result "0-1"]
[WhiteElo "2241"]
[BlackElo "2365"]
[TimeControl "180+1"]
[EndTime "15:45:14 PDT"]
[Termination "Connectedcloud won on time"]

1. Nf3 Nf6 2. g3 d5 3. Bg2 c6 4. O-O Bg4 5. d3 Nbd7 6. Nbd2 e5 7. e4 dxe4 8. dxe4 Bc5 9. Qe2 O-O 10. b3 a5 11. Bb2 Re8 12. Rad1 Qc7 13. h3 Bh5 14. Nc4 b5 15. Ncd2 a4 16. g4 Bg6 17.
Nh4 axb3 18. axb3 Nf8 19. Nf5 Ne6 20. Qf3 Nf4 21. Bc1 Rad8 22. Nb1 Nxg2 23. Kxg2 Bxf5 24. gxf5 Kh8 25. Kh1 Rxd1 26. Rxd1 Rd8 27. Rg1 Rg8 28. Bg5 Qd6 29. Nd2 h6 30. Be3 Bxe3 31. Qxe3 Nh5 32. Kh2 Nf4 33. Nf1 Qd1 34. Qd2 Qf3 35. Rg3 Qxe4 36. Ne3 Qd4 37. Qxd4 exd4 38. Ng4 f6 39. Rf3 Nd5 40. Rd3 c5 41. Kg3 Nb4 42. Rd2 Ra8 43. Re2 h5 44. Nh2 Ra2 45. Nf3 Rxc2 46. Re8+ Kh7 47. Nh4 Rc3+ 48. f3 Re3 49. Rf8 Re1 50.
Ng6 Rg1+ 51. Kf4 Rxg6 52. fxg6+ Kxg6 53. Rc8 Nd3+ 54. Ke4 Nf2+ 55. Kd5 d3 56. Kxc5 d2 57. Rd8 d1=Q 58. Rxd1 Nxd1 59. Kxb5 Kf5 60. b4 Ke6 61. Kc4 Kd6 62. Kd4 Nf2 63. h4 g5 64. hxg5 fxg5 65. Ke3 Nd1+ 66. Ke4 h4 67. Kd3 h3 0-1

[Event "Late-Titled-Tuesday-Blitz-June-25-2024"]
[Site "Chess.com"]
[Date "2024.06.25"]
[Round "9"]
[White "Heliosis11"]
[Black "MuhittinBuker"]
[Result "1-0"]
[WhiteElo "2427"]
[BlackElo "2246"]
[TimeControl "180+1"]
[EndTime "15:45:14 PDT"]
[Termination "Heliosis11 won on time"]

1. e4 e5 2. Nf3 Nc6 3. Bb5 a6 4. Ba4 Nf6 5. O-O Be7 6. Re1 b5 7.
Bb3 O-O 8. a4 Rb8 9. c3 d6 10. d4 Bg4 11. Be3 Na5 12. Bc2 b4 13. dxe5 Bxf3 14. Qxf3 dxe5 15. Rd1 Qc8 16. cxb4 Rxb4 17.
Bd2 Rxb2 18. Bxa5 Rxc2 19. Nc3 Rb2 20. Rac1 Bc5 21. Ne2 Bb6 22. Bc3 Ra2 23. Bxe5 Rxa4 24. Bxf6 gxf6 25. Qxf6 Qe6 26. Qg5+ Qg6 27. Qxg6+ fxg6 28. Nc3 Bxf2+ 29. Kh1 Rc4 30. Nd5 Rxc1 31. Rxc1 c5 32.
g3 Bd4 33. Rc4 Rf1+ 34. Kg2 Ra1 35. Ne7+ Kf7 36. Nc6 Bg1 37. e5 Ke6 38. Re4 a5 39.
Nd8+ Kd7 40. Nf7 Ke7 41. e6 a4 42. Nd6 a3 43. Nc8+ Ke8 44. e7 Rd1 45. Ra4 Rd2+ 46.
Kxg1 a2 47. Ra8 Rd1+ 48. Kf2 a1=Q 49. Nd6+ 1-0

[Event "Late-Titled-Tuesday-Blitz-June-25-2024"]
[Site "Chess.com"]
[Date "2024.06.25"]
[Round "9"]
[White "KaydenTroffChess"]
[Black "Pitomina"]
[Result "1-0"]
[WhiteElo "2818"]
[BlackElo "2569"]
[TimeControl "180+1"]
[EndTime "15:45:17 PDT"]
[Termination "KaydenTroffChess won by resignation"]

1. d4 d5 2. Nf3 Bf5 3. Bf4 e6 4. e3 Bd6 5. Ne5 Nd7 6. Nd2 Bxe5 7. dxe5 Ne7 8. h4 h5 9. Be2 Ng6 10. Bg5 f6 11. exf6 gxf6 12. Bf4 Nxf4 13. exf4 Bg6 14. f5 Bxf5 15. Bxh5+ Ke7 16. Be2 Nc5 17. Nb3 Qd6 18. Nxc5 Qxc5 19. c3 Rag8 20. g3 Be4 21. Bf3 f5 22. Qe2 Qa5 23. a3 Bxf3 24. Qxf3 d4 25.
Rc1 Rg4 26. Qxb7 Re4+ 27. Kf1 d3 28. Rd1 Rd8 29. Kg2 Qe5 30. Rd2 f4 31. Rh3 Qf5 32.
Qxc7+ Rd7 33. Qc6 f3+ 34. Kh2 Re1 35. g4 Qxg4 36. Qc5+ Rd6 37. Qg5+ Qxg5 38. hxg5 Rd5 39. Rxf3 Rxg5 40. Rdxd3 Rgg1 41. Rg3 Rh1+ 42. Kg2 Rb1 43. b4 Rh5 44. c4 Rbh1 45. Rh3 R1xh3 46. Rxh3 Rg5+ 47.
Rg3 Rf5 48. Rg7+ Kf6 49. Rxa7 Rf4 50. c5 Rc4 51. Ra8 Ke5 52. Rd8 Rc3 53. Rd2 Rxa3 54. Rc2 Kd5 55. c6 Ra8 56. c7 Rc8 57. b5 Kd6 58. b6 Rg8+ 59. Kf1 Kd7 60. b7 1-0

[Event "Late-Titled-Tuesday-Blitz-June-25-2024"]
[Site "Chess.com"]
[Date "2024.06.25"]
[Round "9"]
[White "ArmanGhevondyanchess"]
[Black "AlexeiShirov"]
[Result "1-0"]
[WhiteElo "2633"]
[BlackElo "2846"]
[TimeControl "180+1"]
[EndTime "15:45:19 PDT"]
[Termination "ArmanGhevondyanchess won on time"]

1. Nf3 d5 2. d4 Nf6 3. g3 c5 4. Bg2 cxd4 5. O-O h6 6. b3 e6 7. Bb2 Bc5 8. a3 O-O 9. b4 Bb6 10. Nxd4 e5 11. Nb3 Re8 12. Nc3 Be6 13. Na4 Bc7 14.
Nac5 Bc8 15. c4 dxc4 16. Qxd8 Bxd8 17. Nxb7 cxb3 18. Nd6 Re6 19. Rfd1 Bc7 20. Rac1 Ba6 21. Rxc7 Bxe2 22. Rc8+ Kh7 23. Rd2 e4 24. Bxf6 gxf6 25. Bxe4+ Rxe4 26. Nxe4 Bf3 27. Nxf6+ Kg7 28. Ne8+ Kh7 29. Nc7 Bb7 30. Rcd8 Nc6 31. Rxa8 Ne5 32. Kf1 Nc4 33. Re2 Bxa8 34. Nxa8 b2 35. Re1 Nxa3 36. Nc7 b1=Q 37. Rxb1 Nxb1 38. Nb5 Nd2+ 39. Ke2 Ne4 40. Nxa7 Kg6 41. b5 Nc5 42. b6 Kf5 43. Nc6 Ke6 44.
Nb4 Kd6 45. Nd3 Ne6 46. f4 Nd4+ 47. Ke3 Nc2+ 48. Ke4 Na3 49. Ne5 f6 50. Ng4 Nc4 51.
Nxf6 1-0

[Event "Late-Titled-Tuesday-Blitz-June-25-2024"]
[Site "Chess.com"]
[Date "2024.06.25"]
[Round "9"]
[White "Cxrjs"]
[Black "maracayo"]
[Result "0-1"]
[WhiteElo "2507"]
[BlackElo "2401"]
[TimeControl "180+1"]
[EndTime "15:45:19 PDT"]
[Termination "maracayo won by checkmate"]

1. e4 d6 2. d4 Nf6 3. Nc3 c6 4. Be3 Qa5 5. Qd2 e5 6. Nf3 Be7 7. h3 O-O 8. Bd3 Re8 9. O-O Qc7 10. Rfe1 Nbd7 11. a4 Bf8 12. dxe5 dxe5 13. Bc4 h6 14. Qe2 Nc5 15. Bxc5 Bxc5 16. Nh4 Bd4 17. Qf3 Be6 18. Bd3 Bxc3 19. bxc3 Qa5 20. Bf1 Rad8 21. g4 Nh7 22. Qe3 Ng5 23. Nf5 Bxf5 24. exf5 e4 25. Bg2 Qb6 26. h4 Qxe3 27. Rxe3 Nf3+ 28.
Bxf3 exf3 29. Rae1 Rxe3 30. Rxe3 Rd1+ 31. Kh2 Rd2 32.
Kg3 Rxc2 33. Kxf3 Kf8 34. Rd3 Ke7 35. g5 hxg5 36. hxg5 Ra2 37. Rd4 Ra3 38. Rc4 Kd6 39. Ke4 c5 40. Kd3 a6 41. Rh4 b5 42. axb5 axb5 43. Rh7 b4 44. Rxg7 Rxc3+ 45. Kd2 Rf3 46. Rxf7 Rxf2+ 47. Kd3 Rg2 48. g6 Kd5 49. g7 c4+ 50. Ke3 b3 51. f6 b2 52. Rb7 c3 53.
f7 c2 54. g8=Q c1=Q+ 55. Kd3 Rd2+ 56. Ke3 Qc3+ 57. Kf4 Qe5+ 58. Kg4 Rg2+ 59. Kh3 Qh2# 0-1

[Event "Late-Titled-Tuesday-Blitz-June-25-2024"]
[Site "Chess.com"]
[Date "2024.06.25"]
[Round "9"]
[White "ChristopherYoo"]
[Black "Alexander_Khlebovich"]
[Result "1-0"]
[WhiteElo "3039"]
[BlackElo "2818"]
[TimeControl "180+1"]
[EndTime "15:45:22 PDT"]
[Termination "ChristopherYoo won by resignation"]

1. d4 Nf6 2. Nf3 g6 3. c4 Bg7 4.
Nc3 d5 5. Qb3 dxc4 6. Qxc4 O-O 7.
e4 a6 8. Be2 b5 9. Qb3 c5 10.
dxc5 Nbd7 11. Be3 Ng4 12. Qd5 Nxe3 13. fxe3 Qc7 14. c6 Bxc3+ 15. bxc3 Nf6 16. Qd4 Rd8 17. Qe5 Qxc6 18. O-O Qxe4 19. Qxe4 Nxe4 20. Ne5 Be6 21. Bf3 f5 22. Bxe4 fxe4 23. Nc6 Rd6 24. Nd4 Bc4 25. Rf2 Rad8 26. h4 e5 27. Nb3 Rd1+ 28.
Rxd1 Rxd1+ 29. Kh2 Bxb3 30. axb3 Rd3 31. Rf6 Rxc3 32. Rxa6 Rxe3 33. Re6 Rxb3 34. Rxe5 e3 35. Kg3 b4 36. Kf3 Kf7 37. Rb5 h5 38. Rb6 Ke7 39. Rxg6 Kd7 40. Rb6 Kc7 41. Rb5 Kc6 42. Rxh5 Rc3 43.
Rh8 Kb5 44. h5 Rc7 45. Kxe3 Kc4 46. Rb8 Rg7 47. Kf3 b3 48. g4 Kc3 49. h6 Rg6 50.
h7 Rh6 51. h8=Q+ Rxh8 52. Rxh8 b2 53. Rb8 Kc2 54. Rxb2+ Kxb2 55. g5 1-0